 Dungeon Crawl Stone Soup version 0.31-a0-344-gd109795599 (webtiles) character file.

Game seed: 18228899069517099924

144 garrulousMonolith the Insei (level 5, -6/34 HPs)
             Began as an Octopode Shapeshifter on July 21, 2023.
             Mangled by a gnoll
             ... wielding a +1 vampiric halberd
              (11 damage)
             ... on level 3 of the Dungeon.
             The game lasted 00:02:11 (2477 turns).

garrulousMonolith the Insei (Octopode Shapeshifter) Turns: 2477, Time: 00:02:12

Health: -6/34      AC:  1    Str: 18    XL:     5   Next: 26%
Magic:  5/5        EV:  8    Int: 11    God:
Gold:   118        SH:  0    Dex: 16    Spells: 4/4 levels left

rFire   . . .        d - +5 spear of Kismet {freeze, *Corrode rElec Str+4 Dex+2}
rCold   . . .        (no shield)
rNeg    . . .        (helmet currently unavailable)
rPois   .            (no amulet)
rElec   +            (no ring)
rCorr   .            (no ring)
SInv    .            (no ring)
Will    .....        (no ring)
Stlth   ++           (no ring)
HPRegen 0.25/turn    (no ring)
MPRegen 0.09/turn    (no ring)
                     (no ring)

%: corrode self (3%)
@: confused, beast-form, ambrosia-drunk, held
A: beast (slay +2), almost no armour, amphibious, 8 rings, camouflage 1,
gelatinous body 1, (nimble swimmer 1), tentacles
a: Begin Untransformation


You were on level 3 of the Dungeon.
You were a hulking beast.
You visited 1 branch of the dungeon, and saw 3 of its levels.

You collected 118 gold pieces.

Inventory:

Hand Weapons
 d - the +5 spear of Kismet (weapon) {freeze, *Corrode rElec Str+4 Dex+2}
   (You found it on level 2 of the Dungeon)

   Str:       It affects your strength (+4).
   Dex:       It affects your dexterity (+2).
   rElec:     It insulates you from electricity.
   *Corrode:  It may corrode you when you take damage.
Missiles
 o - a throwing net
Talismans
 b - a beast talisman
Scrolls
 c - 2 scrolls of enchant armour {unknown}
 e - 2 scrolls of noise {unknown}
 h - 2 scrolls of teleportation
 j - a scroll of immolation {unknown}
 m - 2 scrolls of vulnerability {unknown}
 n - a scroll of identify
Potions
 a - a potion of lignification
 f - 3 potions of ambrosia
 g - a potion of brilliance
 i - 4 potions of curing {unknown}
 k - a potion of resistance {unknown}
 l - 2 potions of heal wounds {unknown}


   Skills:
 + Level 2.0 Fighting
 + Level 2.7 Dodging
 + Level 2.1 Stealth
 * Level 4.0 Unarmed Combat
 * Level 3.6 Shapeshifting


You had 4 spell levels left.
You didn't know any spells.
Your spell library contained the following spells:

 Spells                   Type           Power      Damage    Failure   Level
 Magic Dart               Conj           0%         1d3       34%         1
 Shock                    Conj/Air       0%         1d3       34%         1
 Call Imp                 Summ           0%         N/A       47%         2
 Mephitic Cloud           Conj/Pois/Air  0%         N/A       71%         3
 Swiftness                Air            0%         N/A       71%         3
 Airstrike                Air            0%         2d(0-16)  98%         4


Dungeon Overview and Level Annotations

Branches:
Dungeon (3/15)

Altars:
Yredelemnul


Innate Abilities, Weirdness & Mutations

You are a hulking beast.
Your limbs bulge with bestial killing power. (Slay +2)
You cannot wear most types of armour.
You are amphibious.
You can wear up to eight rings at the same time.
Your skin changes colour to match your surroundings (Stealth+).
Your rubbery body absorbs attacks. (AC +1, EV +1)
((You are camouflaged when in or above water. (Stealth+)))
You have tentacles for arms and can constrict up to eight enemies at once.


Message History

You are too injured to fight recklessly!
You are too injured to fight recklessly!
You are too injured to fight recklessly!
You are too injured to fight recklessly!
You are too injured to fight recklessly!
You are too injured to fight recklessly!
You are too injured to fight recklessly!
You are too injured to fight recklessly!
You are too injured to fight recklessly!
You are too injured to fight recklessly!
You are too injured to fight recklessly!
You are too injured to fight recklessly!
You are too injured to fight recklessly!
You are too injured to fight recklessly!
You are too injured to fight recklessly!
You are too injured to fight recklessly!
You are too injured to fight recklessly!
You are too injured to fight recklessly!
You are too injured to fight recklessly!
The gnoll barely misses you.
You puncture the gnoll! You freeze the gnoll.
You kill the gnoll!
Things that are here:
a +0 halberd; a gnoll corpse A gnoll comes into view.
It is wielding a +0 club.
The gnoll closely misses you.
You hit the gnoll. You freeze the gnoll. You grab the gnoll.
The gnoll is heavily wounded.
You constrict the gnoll. The gnoll hits you with a +0 club.
You hit the gnoll. You freeze the gnoll.
You kill the gnoll!
The gnoll throws a throwing net.
The throwing net hits you.
You become entangled in the net!
You struggle against the net.
The gnoll hits you from afar with a +1 vampiric halberd!
* * * LOW HITPOINT WARNING * * *
You are confused.
You feel invigorated.
The gnoll hits you from afar with a +1 vampiric halberd!
You die...

##########....####..# #.#
........[....## #..# #.#
....>........# #..# #.#
############.# #..# #.#
.........)...#####..###.#
.......).........#..#...#
.........^......)...#.###
#################...#.#
..........#...g)h...#.#
#########.#.###.##..#.#
#########.#.#.......#.#
..........#.....#...#.#
#############.#.#...#.#
#.#.#..##.########
#.#.#............#
#.#.#.###.######.#
#############.#.#.###.#
#.#


You could see a gnoll.

Vanquished Creatures
  A howler monkey (D:3)
  3 gnolls (D:3)
  3 adders (D:2)
  A worm (D:2)
  3 dart slugs
  5 bats
  5 endoplasms
  2 giant cockroaches (D:3)
  4 goblins
  4 hobgoblins (D:1)
  A quokka (D:2)
  3 ball pythons
  3 frilled lizards
  4 kobolds
  4 rats
46 creatures vanquished.

Notes
Turn   | Place    | Note
-------+----------+-------------------------------------------
     0 | D:1      | garrulousMonolith the Octopode Shapeshifter began the quest
                  | for the Orb.
     0 | D:1      | Reached XP level 1. HP: 13/13 MP: 1/1
   229 | D:1      | Found a faded altar of an unknown god.
   250 | D:1      | Reached XP level 2. HP: 17/18 MP: 2/2
   889 | D:2      | Identified the +5 spear of Kismet {freeze, *Corrode rElec
                  | Str+4 Dex+2}
  1074 | D:2      | Found a basalt altar of Yredelemnul.
  1080 | D:2      | Reached skill level 1 in Stealth
  1080 | D:2      | Reached XP level 3. HP: 23/23 MP: 3/3
  1534 | D:2      | Reached XP level 4. HP: 29/29 MP: 4/4
  2416 | D:3      | Reached skill level 4 in Unarmed Combat
  2416 | D:3      | Reached XP level 5. HP: 34/34 MP: 5/5
  2476 | D:3      | HP: 1/34 [gnoll/+1 vampiric halberd (16)]
  2477 | D:3      | Mangled by a gnoll

Illustrated notes

Levels and vault maps discovered:
D:1:      dpeg_arrival_brainrot, layout_basic,
          hellmonk_ecumenical_altar_zigzags, minivault_25
D:2:      layout_basic, serial_corexii_hall, corexii_hall_statues_deadend,
          corexii_hall_statues_x, corexii_hall_statues_x, basic_altar
D:3:      layout_basic, chequers_serial_rivers_room_b,
          kennysheep_generic_room_14

Skill      XL: |  1  2  3  4 |
---------------+-------------+-----
Stealth        | 1 2 |  2.1
Fighting       | 2 |  2.0
Unarmed Combat | 4 |  4.0
Dodging        | |  2.7
Shapeshifting  | |  3.6

Action                     |  1- 3 |  4- 6 || total
---------------------------+-------+-------++-------
  Melee: Unarmed           |    23 |       ||    23
         Constrict         |    11 |     6 ||    17
         Tentacles         |     4 |     2 ||     6
         Spear             |    23 |    30 ||    53
         Punch             |     1 |       ||     1
    Use: Scroll            |     2 |     1 ||     3
         Potion            |       |     1 ||     1
   Stab: Sleeping          |    11 |     3 ||    14
 Armour: Skin              |     4 |     1 ||     5
  Dodge: Dodged            |    18 |     9 ||    27

Table legend: (Time is in decaauts)
 A = Elapsed time spent in this place.
 B = Non-inter-level travel time spent in this place.
 C = Inter-level travel time spent in this place.
 D = Time resting spent in this place.
 E = Time spent auto-exploring this place.
 F = Levels seen in this place.
 G = Mean time per level.
                   A        B        C        D        E       F      G
               +--------+--------+--------+--------+--------+-----+--------+
         Total |   2480 |   2420 |     60 |     62 |   2041 |   3 |  826.7 |
       Dungeon |   2480 |   2420 |     60 |     62 |   2041 |   3 |  826.7 |
               +--------+--------+--------+--------+--------+-----+--------+

Top non-repeatable levels by time:
     D:3: 878 daAuts
     D:1: 877 daAuts
     D:2: 724 daAuts
